 Dungeon Crawl Stone Soup version 0.28.0 (webtiles) character file.

Game seed: 8086230877811326622

2772 croobank the Firebug (level 9, -7/67 HPs)
             Began as a White Draconian Fire Elementalist on Feb 11, 2022.
             Was a Priest of the Shining One.
             Mangled by Joseph (19 damage)
             ... on level 7 of the Dungeon.
             The game lasted 00:28:05 (8103 turns).

croobank the Firebug (DrFE)                         Turns: 8103, Time: 00:28:12

Health: -7/67      AC:  8    Str: 15    XL:     9   Next: 42%
Magic:  14/25      EV: 13    Int: 21    God:    the Shining One [***...]
Gold:   230        SH:  0    Dex: 12    Spells: 10/18 levels left

rFire   . . .      SeeInvis .   t - +2 short sword (speed)
rCold   + . .      Faith    .   (no shield)
rNeg    + . .      Spirit   .   (armour unavailable)
rPois   .          Reflect  .   c - +0 hat
rElec   .          Harm     .   (no cloak)
rCorr   .          Rampage  .   (no gloves)
Will    .....                   g - +0 pair of boots
Stlth   +.........              (no amulet)
HPRegen 0.21/turn               k - ring of magical power
MPRegen 0.19/turn               l - +6 ring of intelligence

@: glowing, studying Bows
A: breathe frost, AC +7, unfitting armour, cold resistance 1, cold-blooded
a: Breathe Frost, Renounce Religion, Divine Shield, Cleansing Flame


You were on level 7 of the Dungeon.
You worshipped the Shining One.
The Shining One was most pleased with you.
You visited 1 branch of the dungeon, and saw 7 of its levels.

You collected 272 gold pieces.
You spent 42 gold pieces at shops.

Inventory:

Hand Weapons
 b - a +0 hunting sling
 f - a +3 trident
 t - a +2 short sword of speed (weapon)
 D - a +5 dire flail of freezing
 E - a +3 long sword
Missiles
 d - 168 stones
 m - 68 arrows
 n - 16 poisoned darts
 u - 70 sling bullets
Armour
 c - a +0 hat (worn)
 g - a +0 pair of boots (worn)
Magical Staves
 y - a staff of air
Jewellery
 k - a ring of magical power (left hand)
 l - a +6 ring of intelligence (right hand)
Wands
 q - a wand of flame (7)
 w - a wand of digging (6)
 B - a wand of charming (12)
 C - a wand of mindburst (12)
Scrolls
 a - 2 scrolls of noise
 e - 2 scrolls of teleportation
 i - a scroll of fog {unknown}
 o - a scroll of blinking
 A - a scroll of magic mapping
Potions
 h - a potion of berserk rage
 j - 2 potions of might
 p - 2 potions of ambrosia
 r - a potion of magic
 s - a potion of lignification {unknown}
 v - a potion of resistance {unknown}
 x - a potion of invisibility {unknown}
 z - 2 potions of curing
 F - a potion of heal wounds


   Skills:
 - Level 2.0 Fighting
 - Level 1.9 Short Blades
 + Level 5.1 Dodging
 + Level 5.6 Stealth
 + Level 5.2 Spellcasting
 + Level 5.3 Conjurations
 * Level 6.0 Fire Magic


You had 10 spell levels left.
You knew the following spells:

 Your Spells              Type           Power      Damage    Failure   Level
a - Foxfire               Conj/Fire      100%       2x1d9     1%          1
b - Scorch                Fire           62%        2d8       1%          2
c - Flame Wave            Conj/Fire      29%        2d8       10%         4
d - Beastly Appendage     Tmut           10%        N/A       11%         1

Your spell library contained the following spells:

 Spells                   Type           Power      Damage    Failure   Level
 Conjure Flame            Conj/Fire      29%        6-21      3%          3
 Inner Flame              Hex/Fire       18%        N/A       9%          3
 Summon Small Mammal      Summ           20%        N/A       11%         1
 Wereblood                Tmut           5%         N/A       16%         2
 Call Canine Familiar     Summ           5%         N/A       32%         3
 Spider Form              Tmut/Pois      5%         N/A       32%         3
 Summon Guardian Golem    Hex/Summ       5%         N/A       32%         3
 Summon Lightning Spire   Summ/Air       5%         N/A       71%         4
 Storm Form               Tmut/Air       2%         N/A       100%        7
 Maxwell's Capacitive Co  Air            2%         ∞         100%        8


Dungeon Overview and Level Annotations

Branches:
Dungeon (7/15)             Temple (0/1) D:7

Altars:
Cheibriados
Nemelex Xobeh
Qazlal
Wu Jian
Yredelemnul
Zin
The Shining One

Shops:
D:4 *   D:6 !

Annotations:
D:7 Joseph


Innate Abilities, Weirdness & Mutations

You can breathe waves of freezing cold which knock back foes.
Your icy white scales are hard. (AC +7)
You cannot fit into any form of body armour.
Your flesh is cold resistant. (rC+)
You are cold-blooded and may be slowed by cold attacks.


Message History

Confirm with . or Enter, or press ? or * to list all spells.
You conjure some foxfire!
Joseph shoots a sling bullet.
The sling bullet barely misses you.
Casting: Foxfire (safe; 1% risk of failure)
Confirm with . or Enter, or press ? or * to list all spells.
You can't see any susceptible monsters within range! (Use Z to cast anyway.)
You hit Joseph but do no damage.
Your tail-slap misses Joseph.
Joseph is heavily wounded.
Casting: Foxfire (safe; 1% risk of failure)
Confirm with . or Enter, or press ? or * to list all spells.
Flames lash Joseph.
Joseph is heavily wounded.
Joseph's fire resistance burns away.
Joseph unwields a +0 hunting sling.
Joseph wields a +0 quarterstaff.
Joseph closely misses you.
Casting: Scorch (safe; 1% risk of failure)
Confirm with . or Enter, or press ? or * to list all spells.
Flames lash Joseph.
Joseph is burned terribly!
Joseph is severely wounded.
Joseph hits you with a +0 quarterstaff!
Casting: Scorch (safe; 1% risk of failure)
Confirm with . or Enter, or press ? or * to list all spells.
Flames lash Joseph.
Joseph is severely wounded.
Joseph hits you with a +0 quarterstaff!!
Casting: Scorch (safe; 1% risk of failure)
Confirm with . or Enter, or press ? or * to list all spells.
Flames lash Joseph but do no damage.
Joseph hits you with a +0 quarterstaff!
* * * LOW HITPOINT WARNING * * *
You fail to use your ability.
Joseph hits you with a +0 quarterstaff! The Shining One protects you from harm!
Casting: Scorch (safe; 1% risk of failure)
Confirm with . or Enter, or press ? or * to list all spells.
Casting: Flame Wave (dangerous; 10% risk of failure)
Press: ? - help, Dir - look around, f - activate A wave of flame ripples out!
The flame wave engulfs Joseph!
Joseph is burned terribly!
Joseph is almost dead. (Press . to intensify the flame waves.) Joseph hits you with a +0 quarterstaff!!
You die...

##############.#
#.........##.#
...............#
#§........'..#
################
#§@.......#### .....#
#v.§...... ####.#
#...§.$... #.# #...?.....
####'#############.........
#........#.......#.........
#........#......@#.........
#....(...'.......@...######
#........#.......#####
#........#.......#
#........#########
##########


You could see Joseph (combustible).

Vanquished Creatures
  A manticore (D:7)
  6 yaks
  A steam dragon (D:7)
  An ogre (D:5)
  A necrophage (D:7)
  2 centaurs (D:6)
  A bullfrog (D:7)
  3 scorpions
  4 wights (D:7)
  A centaur zombie (D:7)
  2 hounds (D:6)
  A bullfrog skeleton (D:4)
  A jelly (D:6)
  A centaur skeleton (D:4)
  6 iguanas
  5 orc wizards
  A hound skeleton (D:5)
  A howler monkey zombie (D:7)
  Robin (D:4)
  A gnoll (D:1)
  A howler monkey skeleton (D:7)
  6 adders
  A shadow imp (D:6)
  A white imp (D:5)
  An ufetubus (D:5)
  3 worms
  2 dart slugs
  6 orcs
  3 ball pythons
  5 bats
  10 endoplasms
  12 goblins
  14 hobgoblins
  3 jackals (D:1)
  7 kobolds
  2 quokkas
  2 frilled lizards
  23 rats
143 creatures vanquished.

Vanquished Creatures (others)
  A quokka (D:2)
  185 foxfires
186 creatures vanquished.

Grand Total: 329 creatures vanquished

Notes
Turn   | Place    | Note
-------+----------+-------------------------------------------
     0 | D:1      | croobank the Draconian Fire Elementalist began the quest
                  | for the Orb.
     0 | D:1      | Reached XP level 1. HP: 14/14 MP: 3/3
   256 | D:1      | Reached XP level 2. HP: 20/20 MP: 1/5
   259 | D:1      | Learned a level 2 spell: Scorch
   299 | D:1      | Found a faded altar of an unknown god.
   341 | D:1      | Prayed at the altar of an unknown god.
   341 | D:1      | Became a worshipper of the Shining One
   341 | D:1      | Reached * piety under the Shining One
   648 | D:1      | Reached XP level 3. HP: 26/26 MP: 3/6
   879 | D:2      | Identified the +0 robe of Titsiyhug {Rampage *Slow Str+3
                  | Int+3}
   928 | D:2      | Noticed a scorpion
   935 | D:2      | Killed a scorpion
   936 | D:2      | Reached XP level 4. HP: 33/33 MP: 1/7
  2174 | D:3      | Learned a level 4 spell: Flame Wave
  2279 | D:3      | Reached XP level 5. HP: 38/38 MP: 9/9
  2638 | D:3      | Found a glowing silver altar of Zin.
  2813 | D:3      | Found a stormy altar of Qazlal.
  2814 | D:3      | Noticed a water elemental
  2816 | D:3      | Noticed an air elemental
  2816 | D:3      | Noticed a fire elemental
  3010 | D:4      | Found a basalt altar of Yredelemnul.
  3122 | D:4      | Reached skill level 4 in Fire Magic
  3122 | D:4      | Reached XP level 6. HP: 31/45 MP: 10/10
  3249 | D:4      | Found Wesmyor's Lightly-Used Armoury.
  3304 | D:4      | Found a snail-covered altar of Cheibriados.
  3337 | D:4      | Reached ** piety under the Shining One
  3397 | D:4      | Learned a level 1 spell: Beastly Appendage
  3556 | D:4      | Noticed Robin
  3568 | D:4      | Killed Robin
  3591 | D:4      | Found a sparkling altar of Nemelex Xobeh.
  3934 | D:5      | Entered Level 5 of the Dungeon
  4098 | D:5      | Your scales start taking on an icy white colour.
  4098 | D:5      | Reduced skill Fire Magic to level 3
  4098 | D:5      | Reached XP level 7. HP: 51/51 MP: 12/12
  4098 | D:5      | Gained mutation: Your flesh is cold resistant. (rC+) [White
                  | Draconian growth]
  4767 | D:5      | Reached skill level 1 in Fighting
  4767 | D:5      | Reached skill level 1 in Short Blades
  4901 | D:5      | Found an ornate altar of the Wu Jian Council.
  5067 | D:6      | Noticed a yak
  5069 | D:6      | Noticed a yak
  5079 | D:5      | Killed a yak
  5303 | D:6      | Found Ukhleove's Distillery.
  5313 | D:6      | Bought a potion of curing for 42 gold pieces
  5970 | D:6      | Reached skill level 4 in Fire Magic
  5973 | D:6      | Reached XP level 8. HP: 61/61 MP: 14/14
  6522 | D:6      | Reached skill level 5 in Stealth
  6522 | D:6      | Reached skill level 5 in Fire Magic
  7152 | D:7      | Noticed Joseph
  7194 | D:7      | Reached XP level 9. HP: 21/67 MP: 16/16
  7483 | D:7      | Found a staircase to the Ecumenical Temple.
  7528 | D:7      | Reached *** piety under the Shining One
  7760 | D:7      | Noticed a manticore
  7765 | D:7      | Killed a manticore
  7766 | D:7      | Reached skill level 5 in Dodging
  7766 | D:7      | Reached skill level 5 in Spellcasting
  7766 | D:7      | Reached skill level 5 in Conjurations
  7785 | D:7      | Reached skill level 6 in Fire Magic
  8102 | D:7      | The Shining One protects you from harm!
  8103 | D:7      | Mangled by Joseph

Illustrated notes

Levels and vault maps discovered:
D:1:      eino_arrival_druids_welcome, layout_basic,
          shapermc_ecumenical_altar_venn, serial_park_tiny_2
D:2:      layout_loops_corners, hangedman_abyss_or_decor_stabs,
          lemuel_old_faithful
D:3:      layout_rooms, nicolae_qazlal_style_of_elements, zin_statuary,
          minmay_misc_feat_roman, minmay_rat_hole
D:4:      layout_basic, slow_altar_2, kennysheep_little_box,
          mainiacjoe_overflow_small_starburst, minmay_shop_damaged, uniq_robin
D:5:      layout_basic, pdpol_wu_jian_five_deadly_venoms
D:6:      layout_loops_corners, serial_shops, nicolae_inconvenience_store
D:7:      layout_basic, minmay_temple_entry_junction, minmay_checkerbox,
          uniq_joseph

Skill      XL: |  1  2  3  4  5  6  7  8  9 |
---------------+----------------------------+-----
Stealth        | 2 3 4 5 |  5.6
Dodging        | 2 3 4 5 |  5.1
Conjurations   | 2 3 4 5 |  5.3
Spellcasting   | 3 4 5 |  5.2
Fire Magic     | 4 3 4 5 6 |  6.0
Fighting       | 2 |  2.0
Short Blades   | 1 |  1.9

Action                   |  1- 3 |  4- 6 |  7- 9 || total
-------------------------+-------+-------+-------++-------
Melee: Unarmed           |     3 |       |       ||     3
       Long sword        |     8 |    69 |       ||    77
       Tailslap          |     2 |    11 |    17 ||    30
       Short sword       |       |     2 |    80 ||    82
       Punch             |       |       |     4 ||     4
 Cast: Foxfire           |    26 |    68 |    21 ||   115
       Scorch            |     2 |    48 |    61 ||   111
       Flame Wave        |       |       |     2 ||     2
 Abil: Breathe Frost     |       |       |     4 ||     4
Evoke: Wand              |       |       |     2 ||     2
  Use: Scroll            |       |     4 |     7 ||    11
       Potion            |       |       |     3 ||     3
Armor: Skin              |     5 |    43 |    31 ||    79
Dodge: Dodged            |    13 |    69 |   101 ||   183
